Map: Inside and Out

Players

JonSnow

  • Race: Zerg Zerg
  • Spawn Location: 7:00

PappiJoe - Winner!

  • Race: Protoss Protoss
  • Spawn Location: 1:00

Event: DreamHack SC2 Masters 2022 Atlanta (Offline)

VOD

Have the link to the VOD?

Description

Time

  • Played on: Nov. 18, 2022, 4:20 p.m.
  • Length: 19:09

All games in this series

Show
View Real Time Build Order
Export as new Build Order

JonSnow Zerg 

Build Orders: Hatch First, Swarm Host 

Get SALT Encoding   

  12  0:01  Drone  
  13  0:11  Overlord  
  13  0:17  Drone  
  14  0:29  Drone  
  15  0:44  Hatchery  
  15  0:47  Drone  
  15  1:03  Spawning Pool  
  14  1:06  Drone  
  14  1:10  Drone  
  16  1:16  Drone  
  16  1:18  Drone  
  18  1:30  Extractor  
  17  1:33  Drone  
  18  1:50  Queen  
  18  1:51  Zergling x4  
  22  1:57  Queen  
  22  1:58  Drone  
  25  2:02  Overlord  
  25  2:08  Drone  
  27  2:15  Drone  
  27  2:22  Drone x2  
  29  2:36  Hatchery  
  28  2:39  Metabolic Boost  
  28  2:41  Drone  
  29  2:48  Drone  
  29  2:49  Drone x2  
  32  2:57  Overlord  
  32  3:02  Drone x3  
  34  3:07  Zergling x2  
  35  3:14  Queen  
  35  3:15  Overlord  
  37  3:23  Zergling x6  
  37  3:24  Drone  
  41  3:28  Queen  
  43  3:34  Drone x3  
  43  3:40  Roach Warren  
  45  3:43  Overlord  
  45  3:47  Drone x2  
  47  3:49  Drone  
  47  3:54  Drone x2  
  47  3:55  Drone  
  51  4:00  Overlord  
  51  4:11  Overlord  
  51  4:20  Extractor  
  50  4:25  Roach x7  
  50  4:29  Overlord x2  
  64  4:33  Roach  
  64  4:34  Zergling x4  
  68  4:39  Overlord  
  68  4:44  Zergling x8  
  72  4:57  Spore Crawler  
  72  4:59  Zergling x2, Roach x4  
  80  5:08  Drone x3  
  80  5:09  Drone  
  80  5:12  Spore Crawler  
  83  5:18  Roach x4  
  91  5:25  Spore Crawler  
  90  5:39  Drone  
  90  5:40  Drone x7  
  99  5:43  Lair  
  99  5:49  Overlord  
  98  5:51  Overlord x2  
  98  5:55  Extractor, Evolution Chamber  
  96  6:01  Overlord  
  96  6:04  Overlord  
  93  6:14  Drone x10  
  96  6:22  Drone x3  
  95  6:25  Zerg Missile Weapons Level 1  
  95  6:28  Extractor  
  95  6:29  Drone x4  
  95  6:31  Drone x2  
  96  6:37  Drone  
  97  6:40  Queen  
  97  6:42  Glial Reconstitution  
  97  6:43  Overseer  
  97  6:46  Roach  
  101  6:48  Overlord  
  101  6:49  Drone x2  
  101  6:51  Hatchery  
  102  6:56  Overlord x2  
  102  6:57  Drone x2  
  102  7:01  Roach  
  106  7:03  Infestation Pit  
  106  7:04  Overseer  
  106  7:06  Overlord  
  105  7:08  Extractor x2  
  105  7:09  Drone, Overlord  
  105  7:13  Zergling x8  
  108  7:16  Queen  
  108  7:22  Overlord  
  110  7:24  Zergling x2  
  110  7:25  Zergling x2  
  112  7:31  Drone  
  112  7:33  Drone x2  
  112  7:34  Drone  
  112  7:37  Overlord  
  116  7:39  Ravager  
  116  7:44  Extractor  
  115  7:51  Swarm Host x9  
  142  7:59  Swarm Host  
  142  8:03  Swarm Host  
  148  8:05  Extractor  
  148  8:09  Swarm Host  
  148  8:10  Swarm Host  
  148  8:11  Zergling x12  
  159  8:17  Swarm Host x2  
  163  8:26  Swarm Host x2  
  169  8:27  Zergling x2  
  169  8:28  Zergling x6  
  171  8:38  Overlord  
  171  8:39  Ravager  
  171  8:40  Roach, Ravager x2  
  171  8:41  Zergling x20, Roach  
  188  8:51  Roach x4  
  168  9:11  Roach x12  
  168  9:15  Overlord  
  183  9:23  Roach x4  
  190  9:35  Roach x6  
  190  9:37  Zerg Missile Weapons Level 2  
  182  9:47  Roach x4  
  182  9:51  Roach x4  
  176  10:02  Roach x6  
  176  10:05  Overseer  
  178  10:16  Ravager x11  
  189  10:24  Roach  
  189  10:25  Roach x4  
  199  10:29  Overlord  
  199  10:37  Overlord x2  
  195  10:50  Roach x2  
  195  10:56  Roach x13  
  199  11:03  Hive  
  192  11:07  Baneling Nest, Roach  
  192  11:08  Roach x2  
  195  11:23  Roach x5  
  196  11:31  Roach x6  
  184  11:41  Ravager x9  
  184  11:42  Zergling x4, Ravager  
  184  11:46  Overseer  
  196  11:49  Zergling x6  
  195  11:56  Zergling x8  
  191  12:04  Zergling x2  
  191  12:05  Zergling x12  
  194  12:08  Roach  
  194  12:10  Zerg Melee Weapons Level 1  
  193  12:20  Roach x3  
  193  12:31  Roach x4  
  187  12:44  Roach x7  
  187  12:50  Viper x2  
  193  12:54  Zergling x12  
  199  13:12  Overseer x2  
  199  13:14  Spore Crawler  
  197  13:24  Zergling x4  
  199  13:31  Zergling x2  
  199  13:32  Zergling x18  
  196  13:48  Roach x6  
  196  13:55  Roach x2  
  189  14:01  Overseer  
  182  14:04  Zerg Missile Weapons Level 3, Roach x3  
  183  14:11  Roach x3  
  186  14:21  Roach  
  186  14:22  Roach x3  
  194  14:27  Queen  
  194  14:30  Centrifugal Hooks  
  196  14:35  Zergling x4  
  196  14:36  Zergling x4  
  200  14:39  Spore Crawler  
  200  14:40  Baneling x11  
  200  14:45  Overseer  
  199  15:11  Spire  
  194  15:15  Zergling x8  
  194  15:16  Zergling x6  
  195  15:31  Overseer  
  195  15:34  Zergling x8, Baneling x3  
  195  15:35  Spine Crawler  
  198  15:37  Spine Crawler  
  184  15:54  Zergling x2  
  184  15:55  Zergling x6  
  175  16:05  Overlord  
  146  16:15  Zergling x4  
  146  16:16  Zergling x18  
  141  16:20  Roach  
  131  16:29  Roach  
  131  16:30  Roach x5  
  139  16:36  Roach  
  139  16:38  Baneling x2  
  141  16:40  Roach x2  
  141  16:41  Roach  
  141  16:46  Baneling x6  
  147  16:51  Baneling x3  
  147  16:52  Roach x3  
  147  16:53  Roach  
  154  17:12  Baneling x2  
  154  17:13  Baneling x3  
  154  17:17  Zergling x2, Roach x4  
  154  17:18  Zergling x4  
  156  17:39  Viper  
  156  17:40  Viper  
  156  17:42  Zergling x18  
  166  17:50  Zergling x2  
  164  17:52  Baneling x5  
  162  18:05  Baneling x17  
  161  18:14  Zergling x6  
  163  18:26  Zergling x2  
  163  18:27  Zergling x22  
  121  18:39  Zergling x8  
  106  18:47  Ravager x8  
  114  18:49  Baneling x7  
Show
View Real Time Build Order
Export as new Build Order

PappiJoe Protoss - Winner!

Build Orders: 1 Gate Expand 

Get SALT Encoding   

  12  0:00  Probe  
  13  0:13  Pylon  
  13  0:17  Probe (Chrono Boost)  
  14  0:29  Probe (Chrono Boost)  
  14  0:34  Gateway  
  15  0:38  Probe (Chrono Boost)  
  16  0:45  Probe  
  16  0:48  Assimilator  
  17  0:57  Probe  
  18  1:09  Probe  
  19  1:21  Probe  
  19  1:24  Nexus  
  20  1:34  Cybernetics Core  
  20  1:37  Probe  
  21  1:43  Assimilator  
  21  1:49  Probe  
  21  1:52  Pylon  
  22  2:01  Probe  
  23  2:10  Adept (Chrono Boost), Probe  
  23  2:14  Warp Gate  
  26  2:18  Probe  
  26  2:27  Probe  
  26  2:30  Adept (Chrono Boost)  
  26  2:33  Gateway  
  29  2:37  Probe  
  29  2:39  Probe  
  31  2:45  Twilight Council  
  31  2:49  Probe  
  32  2:52  Probe  
  32  2:57  Stalker  
  35  3:02  Probe  
  35  3:04  Probe  
  37  3:11  Robotics Facility  
  37  3:12  Resonating Glaives  
  37  3:14  Probe  
  37  3:17  Probe  
  39  3:26  Probe  
  40  3:30  Probe  
  41  3:35  Gateway  
  41  3:38  Probe  
  41  3:39  Pylon  
  42  3:42  Probe  
  42  3:44  Assimilator  
  43  3:50  Probe  
  43  3:54  Probe  
  45  3:56  Warp Prism (Chrono Boost)  
  45  3:58  Pylon  
  45  4:02  Probe  
  48  4:04  Adept  
  48  4:07  Adept  
  52  4:11  Shield Battery  
  52  4:12  Probe  
  52  4:14  Probe  
  54  4:24  Probe  
  54  4:25  Pylon  
  54  4:26  Observer  
  54  4:27  Probe  
  54  4:28  Adept x2  
  61  4:38  Probe, Pylon  
  62  4:48  Adept  
  62  4:49  Adept x2  
  68  4:54  Probe x2  
  68  4:56  Assimilator  
  70  5:03  Nexus  
  70  5:10  Pylon  
  70  5:11  Probe  
  70  5:13  Pylon  
  69  5:23  Probe  
  69  5:24  Probe  
  69  5:28  Immortal  
  75  5:30  Sentry x3  
  75  5:32  Shield Battery  
  81  5:36  Probe  
  81  5:38  Twilight Council  
  82  5:50  Probe x2  
  82  5:51  Robotics Bay  
  82  5:53  Forge  
  84  5:58  Gateway  
  84  6:00  Gateway  
  84  6:01  Stalker  
  84  6:02  Probe x2  
  88  6:09  Stalker x2  
  92  6:14  Immortal (Chrono Boost)  
  88  6:30  Protoss Ground Weapons Level 1 (Chrono Boost), Probe x2  
  88  6:31  Probe  
  90  6:42  Probe x2  
  90  6:43  Colossus (Chrono Boost)  
  90  6:47  Probe  
  99  6:50  Blink (Chrono Boost)  
  100  6:54  Probe x2  
  100  6:55  Sentry x2  
  100  6:57  Observer, Assimilator  
  100  6:59  Probe, Assimilator  
  106  7:04  Extended Thermal Lance  
  106  7:06  Probe x2  
  108  7:09  Pylon  
  108  7:13  Probe  
  108  7:14  Gateway  
  109  7:16  Gateway  
  109  7:17  Pylon  
  109  7:18  Pylon  
  109  7:26  Colossus (Chrono Boost)  
  109  7:31  Pylon  
  115  7:38  Pylon  
  115  7:40  Photon Cannon  
  115  7:44  Nexus  
  115  7:47  Pylon  
  115  7:58  Gateway x2  
  115  8:03  Colossus (Chrono Boost)  
  115  8:09  Gateway  
  115  8:10  Probe  
  115  8:11  Probe x2, Gateway  
  124  8:13  Phoenix  
  124  8:17  Shield Battery  
  124  8:18  Photon Cannon  
  124  8:21  Stalker, Pylon  
  124  8:23  Probe  
  124  8:27  Gateway  
  127  8:38  Robotics Facility  
  127  8:40  Sentry  
  129  8:42  Templar Archives  
  129  8:45  Photon Cannon  
  129  8:46  Stalker x3  
  135  8:52  Protoss Ground Weapons Level 2  
  135  8:53  Charge  
  135  8:55  Observer  
  136  8:59  Stalker x2  
  136  9:04  Stalker  
  136  9:05  Stalker  
  132  9:16  Colossus  
  138  9:18  Stalker x2  
  138  9:22  Stalker x2  
  138  9:24  Zealot  
  148  9:29  Pylon  
  148  9:32  Zealot x3  
  152  9:44  Gateway  
  136  9:55  High Templar x3  
  136  9:56  High Templar  
  136  9:57  Stalker x3  
  142  10:01  Archon  
  142  10:02  Archon  
  142  10:03  Probe x2  
  142  10:04  Probe  
  142  10:06  Gateway  
  145  10:07  Gateway  
  145  10:09  Assimilator  
  145  10:11  Shield Battery  
  145  10:13  Assimilator  
  143  10:15  Stalker x2  
  143  10:20  Stalker x3  
  145  10:31  Colossus, Stalker x5  
  159  10:38  Stalker x4  
  147  10:59  Immortal  
  147  11:02  Zealot  
  147  11:03  Zealot x8  
  159  11:26  Immortal  
  149  11:38  Stalker x7  
  149  11:39  Stalker x3  
  151  11:43  Dark Shrine  
  131  12:10  Zealot x6  
  131  12:11  Zealot x4  
  141  12:29  Stalker  
  143  12:32  Immortal x2  
  127  12:48  Stalker x3  
  127  12:49  Stalker  
  119  12:59  Dark Templar x3  
  119  13:00  Zealot x3  
  129  13:11  Warp Prism x2  
  131  13:17  High Templar x4  
  131  13:18  Nexus  
  133  13:22  Zealot x3  
  133  13:23  Archon x2  
  137  13:32  Zealot, Dark Templar  
  137  13:33  Zealot  
  128  13:52  Immortal x2  
  128  13:53  High Templar x7  
  128  13:54  Psionic Storm  
  139  14:00  Archon x3  
  139  14:02  Stalker x2  
  137  14:06  Stalker  
  125  14:25  High Templar x4  
  125  14:26  Nexus  
  133  14:31  Immortal  
  133  14:32  Gateway  
  133  14:34  Gateway  
  135  14:42  Dark Templar  
  135  14:45  Immortal  
  139  14:49  Pylon  
  139  14:52  High Templar  
  141  14:53  High Templar  
  141  14:56  Zealot  
  141  14:58  Zealot x4  
  153  15:10  Immortal  
  153  15:11  Photon Cannon  
  153  15:12  Shield Battery  
  157  15:16  Dark Templar  
  155  15:24  High Templar x2  
  155  15:33  Assimilator  
  155  15:34  Archon  
  155  15:35  High Templar, Assimilator  
  155  15:36  High Templar  
  155  15:37  Zealot x3  
  155  15:40  Archon  
  161  15:54  Zealot  
  163  15:57  Immortal x2  
  163  16:02  High Templar x2  
  163  16:03  Zealot  
  163  16:04  Zealot x2  
  170  16:07  Archon x3  
  157  16:14  Zealot x2  
  157  16:15  Zealot  
  162  16:24  High Templar  
  140  16:33  Zealot x2  
  140  16:34  Zealot x4  
  140  16:35  Zealot  
  140  16:36  Immortal  
  140  16:37  Immortal  
  160  16:42  Gateway  
  160  16:56  Zealot x6  
  172  17:01  High Templar x2  
  176  17:16  Immortal x2  
  182  17:25  Gateway, High Templar x2  
  182  17:27  Zealot x4  
  166  17:43  Zealot x3  
  172  17:50  High Templar x4  
  164  17:55  Observer  
  164  17:57  Zealot  
  165  18:05  Immortal  
  165  18:07  Zealot x4  
  147  18:32  Stalker x4  
  147  18:33  Stalker x5  
  141  18:58  Archon x2  
  141  19:01  Zealot  
  141  19:02  Zealot x8  
Tags
 
Add a new tag
Caveats
  • Supply blocks, unpowered buildings, or Contaminate may cause inaccurate times.
  • Supply counts are checked every 10 seconds.